 Dungeon Crawl Stone Soup version 0.18.1-47-g9310371 (webtiles) character file.

2216 rftp080 the Ruffian (level 9, -5/87 HPs)
             Began as a Troll Fighter on June 20, 2016.
             Was a Believer of Qazlal.
             Slain by an orc warrior
             ... wielding a +0 trident
              (6 damage)
             ... on level 6 of the Dungeon.
             The game lasted 00:08:54 (4464 turns).

rftp080 the Ruffian (Troll Fighter)                 Turns: 4464, Time: 00:08:56

Health: -5/87      AC:  7    Str: 26      XL:     9   Next: 13%
Magic:  8/8        EV:  9    Int:  7      God:    Qazlal [**....]
Gold:   317        SH: 13    Dex:  6 (9)  Spells: 0 memorised, 8 levels left

rFire  . . .     SeeInvis .       - Unarmed
rCold  . . .     Gourm    +     G - +2 robe {MR+}
rNeg   + . .     Faith    .     b - +0 shield
rPois  .         Spirit   .     r - +0 hat
rElec  .         Dismiss  .     (no cloak)
rCorr  +         Reflect  .     (gloves unavailable)
SustAt .         Harm     .     (boots unavailable)
MR     +....                    (no amulet)
Stlth  +.........               w - ring of resist corrosion
                                q - ring of positive energy

@: hasted, very quick, somewhat resistant to hostile enchantments, very
unstealthy
A: unfitting armour, claws 3, fast metabolism 3, gourmand, regeneration 2,
shaggy fur 1, tough skin 2
a: Upheaval, Renounce Religion


You were on level 6 of the Dungeon.
You worshipped Qazlal.
Qazlal was pleased with you.
You were not hungry.

You visited 1 branch of the dungeon, and saw 6 of its levels.

You collected 317 gold pieces.

Inventory:

Missiles
 t - 7 javelins (quivered)
 A - 9 tomahawks
Armour
 a - a +0 robe
 b - a +0 shield (worn)
 r - a +0 hat (worn)
 G - a +2 robe of magic resistance (worn)
Jewellery
 q - a ring of positive energy (left claw)
 w - a ring of resist corrosion (right claw)
 y - an uncursed ring of see invisible {unknown}
Wands
 D - a wand of iceblast (1/15)
Scrolls
 e - 3 scrolls of magic mapping
 g - 7 scrolls of identify
 j - a scroll of teleportation {unknown}
 k - a scroll of enchant armour {unknown}
 m - 2 scrolls of random uselessness {unknown}
 p - 4 scrolls of remove curse
 z - 3 scrolls of immolation {unknown}
 B - 2 scrolls of enchant weapon {unknown}
 C - a scroll of amnesia {unknown}
Potions
 c - 3 potions of might
 i - a potion of cancellation
 s - a potion of berserk rage {unknown}
 u - a potion of cure mutation {unknown}
 v - a potion of curing
 x - a potion of heal wounds {unknown}
 E - a potion of mutation {unknown}
Books
 o - Vehumet's Incunabulum of Combat Magic
   (You found it on level 2 of the Dungeon)

   Spells                             Type                      Level
   a - Magic Dart                     Conjuration                  1
 F - a book of Battle

   Spells                             Type                      Level
   a - Infusion                       Charms                       1
   b - Shroud of Golubria             Charms/Translocation         2
   c - Song of Slaying                Charms                       2
   d - Spectral Weapon                Hexes/Charms                 3
   e - Regeneration                   Charms/Necromancy            3
Comestibles
 d - 7 bread rations
 f - 4 meat rations
 h - a royal jelly
 n - 2 beef jerkies


   Skills:
 + Level 4.9 Fighting
 + Level 3.7 Armour
 + Level 4.8 Dodging
 + Level 4.7 Shields
 * Level 7.2 Unarmed Combat


You had 8 spell levels left.
You didn't know any spells.

Dungeon Overview and Level Annotations

Branches:
Dungeon (6/15)
 Temple: D:4-7

Altars:
Dithmenos
Gozag
Kikubaaqudgha
Nemelex Xobeh
Qazlal
Ru
Sif Muna
Vehumet


Innate Abilities, Weirdness & Mutations

You are too large for most types of armour.
You have claws for hands.
Your metabolism is lightning-fast.
You like to eat raw meat.
You heal very quickly.
You are covered in fur (AC +1).
You have very tough skin (AC +2).


Message History

The puff of flame hits you!
* * * LOW HITPOINT WARNING * * *
The orc warrior hits you with a trident!
* * * LOW HITPOINT WARNING * * *
Drink which item? (? for menu, Esc to quit)
It was a potion of curing.
You feel better. Something hits you but does no damage.
The orc warrior hits you with a trident!
* * * LOW HITPOINT WARNING * * *
Unknown command.
Read which item? (? for menu, Esc to quit)
Okay, then.
Drink which item? (? for menu, Esc to quit)
It was a potion of haste.
You feel yourself speed up.
You hear some strange, mumbled words.
A puff of flame appears from out of thin air!
The puff of flame hits you!
* * * LOW HITPOINT WARNING * * *
The orc warrior hits you with a trident.
You die...

#....#....<.#########
##########..†.#
#.......##....#
#.......##....#
#.......##....#
#........†....#
#............)##
#....................
#.....@§############.
#....o{.# .........#
.....##### .[... ....
... ...


You could see an orc warrior.

Vanquished Creatures
  Grinder (D:3)
  Menkaure (D:6)
  Duvessa (D:5)
  2 orc warriors (D:6)
  2 ogres
  A necrophage (D:5)
  A centaur (D:5)
  Blork the orc (D:5)
  2 giant frogs (D:6)
  Dowan (D:5)
  4 scorpions (D:6)
  A howler monkey (D:6)
  A crimson imp (D:5)
  A jelly (D:6)
  A quasit (D:5)
  3 orc wizards (D:6)
  A hound (D:5)
  2 orc priests (D:3)
  An iguana (D:4)
  3 giant frog skeletons
  6 worker ants
  Robin (D:2)
  4 gnolls (D:5)
  12 adders
  4 worms
  2 dart slugs
  3 giant geckos
  14 orcs
  8 bats
  4 giant cockroaches
  16 goblins
  8 hobgoblins
  2 quokkas
  2 ball pythons (D:5)
  A giant gecko skeleton (D:4)
  A giant gecko zombie (D:5)
  5 giant newts
  A jackal zombie (D:5)
  6 kobolds
  A quokka skeleton (D:3)
  9 rats
  A fungus (D:6)
142 creatures vanquished.

Vanquished Creatures (others)
  A fungus (D:6)
1 creature vanquished.

Grand Total: 143 creatures vanquished

Notes
Turn   | Place    | Note
--------------------------------------------------------------
     0 | D:1      | rftp080 the Troll Fighter began the quest for the Orb.
     0 | D:1      | Reached XP level 1. HP: 22/22 MP: 0/0
   207 | D:1      | Reached XP level 2. HP: 22/29 MP: 1/1
   727 | D:2      | Reached XP level 3. HP: 30/36 MP: 2/2
   747 | D:2      | Reached skill level 1 in Armour
   959 | D:2      | Found a stormy altar of Qazlal.
  1003 | D:2      | Found an ancient bone altar of Kikubaaqudgha.
  1006 | D:2      | Found a deep blue altar of Sif Muna.
  1008 | D:2      | Found a radiant altar of Vehumet.
  1012 | D:2      | Identified Vehumet's Incunabulum of Combat Magic
  1028 | D:2      | Noticed Robin
  1041 | D:2      | Reached skill level 3 in Unarmed Combat
  1059 | D:2      | Reached XP level 4. HP: 34/44 MP: 3/3
  1064 | D:2      | Killed Robin
  1262 | D:2      | Became a worshipper of Qazlal Stormbringer
  1425 | D:3      | Found a sacrificial altar of Ru.
  1598 | D:3      | Reached XP level 5. HP: 33/53 MP: 4/4
  1794 | D:3      | Noticed Grinder
  1795 | D:3      | Paralysed by Grinder for 3 turns
  1830 | D:3      | Paralysed by Grinder for 5 turns
  1862 | D:3      | Paralysed by Grinder for 3 turns
  1909 | D:3      | Killed Grinder
  1909 | D:3      | Reached skill level 4 in Unarmed Combat
  1909 | D:3      | Reached XP level 6. HP: 38/61 MP: 5/5
  2454 | D:4      | Reached XP level 7. HP: 60/67 MP: 6/6
  2497 | D:4      | Found a shadowy altar of Dithmenos.
  2509 | D:4      | Reached * piety under Qazlal
  2750 | D:5      | Entered Level 5 of the Dungeon
  2762 | D:5      | Reached skill level 5 in Unarmed Combat
  3119 | D:5      | Noticed Blork the orc
  3126 | D:5      | Killed Blork the orc
  3152 | D:5      | Reached XP level 8. HP: 32/78 MP: 7/7
  3314 | D:5      | Noticed Duvessa
  3324 | D:5      | Killed Duvessa
  3325 | D:5      | Noticed Dowan
  3339 | D:5      | Killed Dowan
  3445 | D:5      | Reached skill level 6 in Unarmed Combat
  3575 | D:5      | Found an opulent altar of Gozag.
  3576 | D:5      | Found a sparkling altar of Nemelex Xobeh.
  3735 | D:6      | Reached ** piety under Qazlal
  4358 | D:6      | Reached XP level 9. HP: 83/87 MP: 8/8
  4371 | D:6      | Noticed Menkaure
  4379 | D:6      | Reached skill level 7 in Unarmed Combat
  4417 | D:6      | Killed Menkaure
  4464 | D:6      | HP: 1/87 [something/puff of flame (6)]
  4464 | D:6      | Slain by an orc warrior

Skill      XL: |  1  2  3  4  5  6  7  8  9 |
---------------+----------------------------+-----
Armour         | 1 2 3 |  3.7
Unarmed Combat | 3 4 5 6 7 |  7.2
Dodging        | 3 4 |  4.8
Fighting       | 3 4 |  4.9
Shields        | 3 4 |  4.7

Action                   |  1- 3 |  4- 6 |  7- 9 || total
-------------------------+-------+-------+-------++-------
Melee: Unarmed           |    97 |   123 |   249 ||   469
  Use: Scroll            |       |     2 |     2 ||     4
       Potion            |       |       |     2 ||     2
 Stab: Sleeping          |       |     1 |       ||     1
  Eat: Chunk             |    15 |    12 |    12 ||    39
Armor: Robe              |    16 |    25 |    56 ||    97
Dodge: Dodged            |    27 |    25 |    80 ||   132
Block: Shield            |    34 |    30 |   159 ||   223
